 Dungeon Crawl Stone Soup version 0.26.0-10-g1f06aea511 (webtiles) character file.

Game seed: 12985973787107797356

176657 dohliylev the Severer (level 17, -1/163 HPs)
             Began as a Minotaur Berserker on Jan 25, 2021.
             Was the Champion of Trog.
             Slain by a salamander
             ... wielding a +0 glaive
              (4 damage)
             ... on level 4 of the Snake Pit on Jan 26, 2021.
             The game lasted 01:43:43 (30365 turns).

dohliylev the Severer (Minotaur Berserker)         Turns: 30365, Time: 01:43:45

Health: -1/163     AC: 19    Str: 25    XL:     17   Next: 51%
Magic:  16/16      EV: 10    Int:  2    God:    Trog [******]
Gold:   2077       SH: 23    Dex: 12    Spells: 16/16 levels left

rFire    + . .     SeeInvis .   O - +6 broad axe "Killer Bee's Peril" {vorpal, rElec Str+2}
rCold    + . .     Faith    .   y - +0 tower shield
rNeg     . . .     Spirit   .   a - +1 chain mail {rPois}
rPois    +         Reflect  .   E - +1 hat
rElec    +         Harm     .   F - +1 cloak {rC+}
rCorr    .         Rampage  +   (no gloves)
Will     +++..                  J - +1 pair of boots {rampage}
Stlth    ..........             k - amulet of regeneration
HPRegen  1.77/turn              Q - ring of poison resistance
MPRegen  0.15/turn              h - ring of protection from fire

@: lethally poisoned (-1 -> -1), berserk cooldown, regenerating, slowed,
constricted, very slow
A: retaliatory headbutt, horns 2, dopey 1, weak 2
a: Renounce Religion, Berserk, Trog's Hand, Brothers in Arms


You were on level 4 of the Snake Pit.
You worshipped Trog.
Trog was exalted by your worship.
You visited 5 branches of the dungeon, and saw 25 of its levels.
You visited the Abyss 1 time.
You also visited: Bailey and Ice Cave.

You collected 2669 gold pieces.
You spent 592 gold pieces at shops.

Inventory:

Hand Weapons
 H - a +0 antimagic war axe
 K - the +7 broad axe of Trog's Brutal Revenge {vorpal, rC+}
   (Trog gifted it to you on level 11 of the Dungeon)

   It inflicts extra damage upon your enemies.
   It protects you from cold.
 O - the +6 broad axe "Killer Bee's Peril" (weapon) {vorpal, rElec Str+2}
   (Trog gifted it to you on level 3 of the Snake Pit)

   It inflicts extra damage upon your enemies.
   It affects your strength (+2).
   It insulates you from electricity.
 R - the +4 hand axe of Trog's Indignation {flame, +Fly rC+ Str+2 Stlth+}
   (Trog gifted it to you on level 1 of the Pits of Slime)

   It has been specially enchanted to burn those struck by it, causing extra
   injury to most foes and up to half again as much damage against particularly
   susceptible opponents.
   Big, fiery blades are also staple armaments of hydra-hunters.
   It affects your strength (+2).
   It protects you from cold.
   It lets you fly.
   It makes you more stealthy.
Armour
 a - a +1 chain mail of poison resistance (worn)
 c - the +1 leather armour "Jatifeh" {rElec Str+4}
   (You found it on level 10 of the Dungeon)

   It affects your strength (+4).
   It insulates you from electricity.
 y - a +0 tower shield (worn)
 z - the +4 scale mail of Indecent Exposure {rF+++ Will- Str+6 Dex-5}
   (You found it in a bailey)

   It affects your strength (+6).
   It affects your dexterity (-5).
   It renders you almost immune to fire.
   It affects your willpower, your defense against some magical effects.
 C - the +3 ring mail "Lipnet" {+Blink Str+5 Int-3 Dex-4}
   (You found it on level 8 of the Dungeon)

   It affects your strength (+5).
   It affects your intelligence (-3).
   It affects your dexterity (-4).
   It lets you blink.
 E - a +1 hat (worn)
 F - a +1 cloak of cold resistance (worn)
 J - a +1 pair of boots of rampaging (worn)
 N - a +2 ring mail of willpower
 P - the +0 plate armour "Vanwoof" {rF+ Regen+}
   (You bought it in a shop on level 4 of the Snake Pit)

   It protects you from fire.
   It increases your rate of regeneration.
 V - +0 fire dragon scales
Jewellery
 h - a ring of protection from fire (right hand)
 k - an amulet of regeneration (around neck)
 t - a +6 ring of intelligence
 x - an uncursed ring of stealth
 A - an uncursed amulet of the acrobat
 Q - a ring of poison resistance (left hand)
Wands
 o - a wand of digging (2)
Scrolls
 b - 4 scrolls of enchant weapon
 e - 3 scrolls of magic mapping
 j - 5 scrolls of fog
 l - 4 scrolls of fear
 m - 4 scrolls of teleportation
 s - 6 scrolls of enchant armour
 u - 2 scrolls of acquirement
 v - 4 scrolls of remove curse
 w - 3 scrolls of blinking
 B - 5 scrolls of identify
 L - a scroll of brand weapon
Potions
 d - a potion of resistance {unknown}
 f - 10 potions of flight
 g - 14 potions of curing
 i - a potion of magic {unknown}
 n - 2 potions of attraction {unknown}
 p - 2 potions of lignification {unknown}
 q - 6 potions of invisibility
 r - 2 potions of ambrosia {unknown}
 D - 4 potions of heal wounds
 G - 4 potions of might {unknown}
 I - 5 potions of haste {unknown}


   Skills:
 + Level 17.6 Fighting
 - Level 20.0 Axes
 + Level 12.0 Armour
 + Level 12.0 Dodging
 + Level 19.0 Shields


You had 16 spell levels left.
You didn't know any spells.
Your spell library was empty.

Dungeon Overview and Level Annotations

Branches:
Dungeon (12/15)            Temple (0/1) D:6            Lair (6/6) D:10
 Shoals (0/4) Lair:2        Snake (4/4) Lair:2        Slime (1/5) Lair:5
    Orc (2/2) D:12            Elf (0/3) Orc:2        Bailey (visited)
  IceCv (visited)

Altars:
Cheibriados
Elyvilon
Gozag
Hepliaklqana
Kikubaaqudgha
Makhleb
Nemelex Xobeh
Ru
Trog
Xom
Yredelemnul
Zin
The Shining One
Beogh
Lugonu

Shops:
D:7 *   Orc:2 (}!!   Snake:4 ([(

Portals:
Abyss: Snake:1
Pandemonium: Orc:2

Annotations:
Lair:2 exclusion: 4 oklob plants


Innate Abilities, Weirdness & Mutations

You reflexively headbutt those who attack you in melee.
You have a pair of horns on your head.
You are dopey. (Int -2)
You are very weak. (Str -4)


Message History

Your deep troll goes berserk!
You feel sick.
The naga sharpshooter mumbles some strange words.
The naga sharpshooter magically shoots a bolt.
The bolt hits you!!
* * * LOW HITPOINT WARNING * * *
You block the salamander's attack. The naga warrior spits poison at you.
You block the splash of poison.
* * * LOW HITPOINT WARNING * * *
The naga warrior constricts you.
The naga sharpshooter shoots a bolt.
The bolt hits your deep troll!!
The naga warrior hits you with a +0 war axe!
* * * LOW HITPOINT WARNING * * *
The naga warrior hits your deep troll with a +0 war axe!!
The naga warrior constricts you.
The salamander hits you from afar with a +0 glaive.
* * * LOW HITPOINT WARNING * * *
You are engulfed in flames.
You resist.
You die...

#.........#..#.##...
...##.........##'###....
#...##..................
#...##.................
.....##.........###....
....##........'.#....
#...##.......#.'....
#...##.....####.... .
#@T(##....# #..##+
....##NN)##...###..#..
......N((.##.......#..
......N..()##....).##.
.....##.).()##......#'
....##..##)(†##.......
.N.##....##†.†##......
..##..... ##...#......
.##...... ##†('.#....


You could see a naga warrior (catching breath), a naga sharpshooter (catching
breath), a salamander, a naga and a friendly deep troll (summoned, berserk).

Vanquished Creatures
  Mara (Snake:4)
  Gastronok (D:12)
  Agnes (Snake:3)
  An azure jelly (Slime:1)
  Kirke (Lair:6)
  3 nagarajas
  An orc warlord (Orc:1)
  A blizzard demon (IceCv)
  The ghost of Luuwnalu the Nimble, a journeyman KoHu of Okawaru (Lair:3)
  The ghost of sanka the Geomancer, a novice PaEE of Vehumet (D:10)
  A fire dragon (Lair:6)
  A great orb of eyes (Lair:5)
  16 naga warriors
  Harold (Lair:1)
  5 hydras
  The ghost of emiel the Grappler, a novice TrDe of Gozag (D:9)
  3 two-headed ogres
  12 anacondas
  A boulder beetle (Lair:2)
  Erica (D:9)
  5 orc high priests (Orc:2)
  5 death yaks
  10 naga sharpshooters
  A dancing weapon (Lair:3)
  Nergalle (D:11)
  4 shock serpents (Snake:4)
  3 salamander mystics (Snake:4)
  2 sea snakes (Snake:1)
  An unseen horror (D:10)
  9 naga ritualists
  3 gelid demonspawn (Orc:2)
  A lindwurm (Lair:6)
  Pikel (D:5)
  6 orc knights
  8 mana vipers
  An ugly thing (D:12)
  A manticore (D:12)
  8 orc sorcerers
  2 cyclopes
  An oklob plant (Snake:3)
  12 elephants
  12 salamanders
  A rust devil (Orc:2)
  57 black mambas
  An orange demon (Orc:2)
  3 molten gargoyles (Lair:6)
  16 naga magi
  2 ice statues (IceCv)
  5 torpor snails
  6 guardian serpents
  A smoke demon (Orc:2)
  2 kobold demonologists
  16 cane toads
  14 ice devils (IceCv)
  4 rime drakes
  14 komodo dragons
  3 freezing wraiths (Snake:2)
  A hellwing (Orc:2)
  The ghost of SeriousVitamin the Slinger, a novice HaHu of Hepliaklqana (D:6)
  3 trolls
  A red devil (Orc:2)
  2 hornets
  11 blink frogs
  2 redbacks (Orc:1)
  17 dream sheep
  5 slime creatures (Slime:1)
  A shadow (D:12)
  2 tarantellas (Orc:1)
  4 wraiths
  3 hogs (Lair:6)
  7 wyverns
  37 yaks
  Sigmund (D:2)
  Eustachio (D:6)
  9 basilisks
  2 neqoxecs (D:10)
  61 nagas
  Duvessa (D:7)
  An acid dragon (D:10)
  A warg (Orc:1)
  23 water moccasins
  5 hell hounds (Lair:6)
  16 ogres
  32 orc warriors
  A hornet zombie (D:6)
  2 black bears
  An eye of draining (Slime:1)
  2 ice beasts
  A phantom (D:8)
  2 sky beasts (D:9)
  15 wolves
  8 centaurs
  3 lemures (D:5)
  13 big kobolds
  28 bullfrogs
  2 water moccasin zombies (D:6)
  Dowan (D:7)
  4 scorpions
  6 killer bees (D:7)
  16 wights
  2 electric eels (Bailey)
  2 howler monkeys
  7 lava snakes
  6 bullfrog zombies
  2 quasits (D:10)
  2 centaur zombies
  9 bullfrog skeletons
  4 jellies
  2 centaur skeletons
  26 orc priests
  7 hounds
  12 orc wizards
  Jessica (D:3)
  9 iguanas
  8 worker ants
  A killer bee zombie (D:6)
  A hound skeleton (D:6)
  4 worker ant zombies
  A howler monkey zombie (D:8)
  17 gnolls
  A howler monkey skeleton (D:11)
  9 adders
  A shadow imp (D:6)
  13 white imps
  5 ufetubi
  An ooze (D:3)
  An adder zombie (D:5)
  An adder skeleton (D:5)
  3 worms
  3 dart slugs
  3 leopard geckos
  73 orcs
  2 ball pythons
  4 giant cockroaches
  2 gnoll zombies (D:7)
  9 goblins
  18 hobgoblins
  8 jackals
  23 kobolds
  2 quokkas
  6 bats
  6 frilled lizards
  A giant cockroach zombie (D:6)
  A jackal zombie (D:6)
  A leopard gecko skeleton (D:4)
  2 quokka skeletons
  A quokka zombie (D:6)
  6 rats
  4 butterflies (Lair:5)
984 creatures vanquished.

Vanquished Creatures (collateral kills)
  A naga sharpshooter (Snake:1)
  A rust devil (Orc:2)
  A ynoxinul (Orc:2)
  3 orc warriors (Orc:2)
  An orc priest (Orc:2)
  2 orcs (Orc:2)
9 creatures vanquished.

Vanquished Creatures (others)
  An orc high priest (Orc:2)
  A black mamba (Snake:2)
  An orc priest (Orc:2)
  A white imp (IceCv)
  An ufetubus (IceCv)
  28 fungi
  2 lurking horrors (Snake:1)
  37 plants
  10 withered plants (D:6)
82 creatures vanquished.

Grand Total: 1075 creatures vanquished

Notes
Turn   | Place    | Note
-------+----------+-------------------------------------------
     0 | D:1      | dohliylev the Minotaur Berserker began the quest for the
                  | Orb.
     0 | D:1      | Reached XP level 1. HP: 19/19 MP: 0/0
   219 | D:1      | Reached XP level 2. HP: 27/27 MP: 1/1
   227 | D:1      | Reached skill level 4 in Axes
   937 | D:1      | Found a hazy altar of Hepliaklqana.
   982 | D:1      | Reached XP level 3. HP: 33/33 MP: 2/2
  1232 | D:2      | Noticed Sigmund
  1349 | D:2      | Killed Sigmund
  1350 | D:2      | Reached skill level 5 in Fighting
  1350 | D:2      | Reached skill level 5 in Axes
  1350 | D:2      | Reached XP level 4. HP: 7/42 MP: 3/3
  1350 | D:2      | Reached XP level 5. HP: 9/48 MP: 4/4
  1699 | D:2      | Reached ** piety under Trog
  2083 | D:2      | Found a sacrificial altar of Ru.
  2514 | D:3      | Reached XP level 6. HP: 56/56 MP: 5/5
  2610 | D:3      | Reached skill level 6 in Axes
  2869 | D:3      | Noticed Jessica
  2873 | D:3      | Killed Jessica
  3400 | D:4      | Reached skill level 7 in Axes
  3489 | D:4      | Reached XP level 7. HP: 63/63 MP: 6/6
  3499 | D:4      | Found an ancient bone altar of Kikubaaqudgha.
  3665 | D:5      | Entered Level 5 of the Dungeon
  3938 | D:5      | Noticed Pikel
  3958 | D:5      | Killed Pikel
  3959 | D:5      | Reached skill level 8 in Axes
  3959 | D:5      | Reached skill level 5 in Dodging
  3959 | D:5      | Reached XP level 8. HP: 38/73 MP: 7/7
  4299 | D:6      | Reached *** piety under Trog
  4303 | D:6      | Reached skill level 9 in Axes
  4404 | D:6      | Noticed Eustachio
  4431 | D:6      | Killed Eustachio
  4432 | D:6      | Reached skill level 10 in Axes
  4439 | D:6      | Noticed SeriousVitamin's ghost (novice HaHu)
  4452 | D:6      | Found a transporter.
  4452 | D:6      | Found a white marble altar of Elyvilon.
  4463 | D:6      | Found an opulent altar of Gozag.
  4467 | D:6      | Reached XP level 9. HP: 75/81 MP: 8/8
  4486 | D:6      | Found a transporter.
  4529 | D:6      | Reached **** piety under Trog
  5028 | D:6      | Found a hazy altar of Hepliaklqana.
  5043 | D:6      | Reached skill level 5 in Shields
  5075 | D:6      | Found a staircase to the Ecumenical Temple.
  5240 | D:6      | Reached skill level 11 in Axes
  5240 | D:6      | Killed SeriousVitamin's ghost
  5309 | D:7      | Found Coloyn Loumn's Elemental Accessories.
  5477 | D:7      | Noticed Duvessa
  5478 | D:7      | Noticed Dowan
  5487 | D:7      | Reached XP level 10. HP: 91/91 MP: 9/9
  5490 | D:7      | Killed Duvessa
  5501 | D:7      | Killed Dowan
  5552 | D:7      | Reached ***** piety under Trog
  5624 | D:7      | Found a basalt altar of Yredelemnul.
  6267 | D:8      | Noticed a two-headed ogre
  6276 | D:8      | Killed a two-headed ogre
  6277 | D:8      | Reached skill level 12 in Axes
  6436 | D:8      | Found a snail-covered altar of Cheibriados.
  6587 | D:8      | Got a scorched ring mail
  6598 | D:8      | Identified the +3 ring mail "Lipnet" {+Blink Str+5 Int-3
                  | Dex-4} (You found it on level 8 of the Dungeon)
  7151 | D:9      | Noticed a two-headed ogre
  7161 | D:9      | Killed a two-headed ogre
  7162 | D:9      | Reached skill level 10 in Fighting
  7173 | D:9      | Noticed a two-headed ogre
  7186 | D:9      | Killed a two-headed ogre
  7269 | D:9      | Found a glowing golden altar of the Shining One.
  7313 | D:9      | Reached XP level 11. HP: 99/99 MP: 10/10
  7405 | D:9      | Noticed Erica
  7430 | D:9      | Killed Erica
  7506 | D:9      | Found a bloodstained altar of Trog.
  7510 | D:9      | Found a burning altar of Makhleb.
  7516 | D:9      | Found a glowing silver altar of Zin.
  7554 | D:9      | Found a sparkling altar of Nemelex Xobeh.
  7565 | D:9      | Reached skill level 13 in Axes
  7707 | D:9      | Found a runed translucent gate.
  7707 | D:9      | Found a runed translucent gate.
  7708 | D:9      | Found a runed translucent gate.
  7708 | D:9      | Noticed emiel's ghost (novice TrDe)
  7748 | D:9      | Killed emiel's ghost
  7749 | D:9      | Reached skill level 10 in Shields
  7794 | D:9      | Got a distressingly furry chain mail
  7982 | D:10     | Entered Level 10 of the Dungeon
  7982 | D:10     | Found a transporter.
  8700 | D:10     | Killed an unseen horror
  8701 | D:10     | Reached skill level 5 in Armour
  8824 | D:10     | Found a transporter.
  8827 | D:10     | Noticed sanka's ghost (novice PaEE)
  9020 | D:10     | Identified the +0 chain mail of Xukkab {rPois} (You found
                  | it on level 9 of the Dungeon)
  9176 | D:10     | Got a faintly glowing leather armour
  9187 | D:10     | Identified the +1 leather armour "Jatifeh" {rElec Str+4}
                  | (You found it on level 10 of the Dungeon)
  9424 | D:10     | Received a gift from Trog
  9495 | D:10     | Found a staircase to the Lair.
  9776 | D:10     | Killed sanka's ghost
  9776 | D:10     | Reached ****** piety under Trog
  9786 | D:10     | Gained mutation: You are weak. (Str -2) [a neqoxec]
  9786 | D:10     | Lost intelligence.
  9786 | D:10     | Gained mutation: You are dopey. (Int -2) [a neqoxec]
  9787 | D:10     | Gained mutation: You are very weak. (Str -4) [a neqoxec]
  9869 | D:11     | Noticed Nergalle
  9886 | D:11     | Killed Nergalle
  9887 | D:11     | Reached XP level 12. HP: 71/108 MP: 11/11
  9930 | D:11     | Found a flagged portal.
  9951 | Bailey   | Entered a bailey
 10107 | Bailey   | Found an iron altar of Okawaru.
 10128 | Bailey   | Reached skill level 14 in Axes
 10586 | Bailey   | Got a dazzling scale mail
 11259 | D:11     | Identified the +4 scale mail of Indecent Exposure {rF+++
                  | Will- Str+6 Dex-5} (You found it in a bailey)
 12188 | D:11     | Received a gift from Trog
 12193 | D:11     | Got a steaming broad axe {god gift}
 12217 | D:12     | Identified the +7 broad axe of Trog's Brutal Revenge
                  | {vorpal, rC+} (Trog gifted it to you on level 11 of the
                  | Dungeon)
 12262 | D:12     | Noticed Gastronok
 12275 | D:12     | Killed Gastronok
 12282 | D:12     | Reached skill level 15 in Axes
 12546 | D:12     | Found a staircase to the Orcish Mines.
 12548 | D:12     | Found a roughly hewn altar of Beogh.
 12889 | Orc:1    | Entered Level 1 of the Orcish Mines
 13020 | Orc:1    | Noticed an orc warlord
 13035 | Orc:1    | Killed an orc warlord
 13380 | Orc:2    | Entered Level 2 of the Orcish Mines
 13537 | Orc:2    | Found Vongywed's Distillery.
 13540 | Orc:2    | Found Kunwihyi's Distillery.
 13546 | Orc:2    | Reached XP level 13. HP: 117/117 MP: 12/12
 13726 | Orc:2    | Reached skill level 16 in Axes
 13764 | Orc:2    | Reached skill level 10 in Dodging
 13766 | Orc:2    | Received a gift from Trog
 14668 | Orc:2    | Found Taet's Antique Weapon Shoppe.
 14668 | Orc:2    | Found a one-way gate leading to the halls of Pandemonium.
 14668 | Orc:2    | Found Xaepn's Gadget Emporium.
 15249 | Orc:2    | Found a staircase to the Elven Halls.
 15738 | Orc:1    | Reached skill level 17 in Axes
 16218 | Lair:1   | Entered Level 1 of the Lair of Beasts
 16934 | Lair:1   | Found a snail-covered altar of Cheibriados.
 17016 | Lair:1   | Noticed Harold
 17027 | Lair:1   | Killed Harold
 17208 | Lair:1   | Reached XP level 14. HP: 129/129 MP: 13/13
 17844 | Lair:2   | Found a staircase to the Shoals.
 18110 | Lair:2   | Found a staircase to the Snake Pit.
 18777 | Lair:2   | Reached skill level 18 in Axes
 19403 | Lair:3   | Received a gift from Trog
 19444 | Lair:3   | Found a runed translucent door.
 19445 | Lair:3   | Found a shimmering altar of Xom.
 19445 | Lair:3   | Noticed Luuwnalu's ghost (journeyman KoHu)
 19459 | Lair:3   | Killed Luuwnalu's ghost
 21335 | Lair:5   | Found a white marble altar of Elyvilon.
 21348 | Lair:5   | Found a staircase to the Slime Pits.
 21852 | Lair:5   | Reached skill level 15 in Shields
 22294 | Slime:1  | Entered Level 1 of the Pits of Slime
 22302 | Slime:1  | Noticed an azure jelly
 22306 | Slime:1  | Reached XP level 15. HP: 138/138 MP: 14/14
 22308 | Slime:1  | Received a gift from Trog
 22317 | Slime:1  | Killed an azure jelly
 22318 | Slime:1  | Reached skill level 19 in Axes
 22320 | Slime:1  | Got an iridescent hand axe {god gift}
 22424 | Lair:6   | Entered Level 6 of the Lair of Beasts
 22434 | Lair:6   | Identified the +4 hand axe of Trog's Indignation {flame,
                  | +Fly rC+ Str+2 Stlth+} (Trog gifted it to you on level 1 of
                  | the Pits of Slime)
 22499 | Lair:6   | HP: 2/138 [death yak (13)]
 23599 | Lair:6   | Found a large runed translucent door.
 23599 | Lair:6   | Found a large runed translucent door.
 24079 | Lair:6   | Noticed Kirke
 24083 | Lair:6   | Noticed a sphinx
 24090 | Lair:6   | Killed Kirke
 24759 | Lair:6   | Lost intelligence.
 25059 | Slime:1  | Noticed an acid blob
 25262 | Snake:1  | Entered Level 1 of the Snake Pit
 25321 | Snake:1  | Found a corrupted altar of Lugonu.
 25444 | Snake:1  | Found a one-way gate to the infinite horrors of the Abyss.
 25492 | Snake:1  | Received a gift from Trog
 25725 | Snake:1  | Reached skill level 15 in Fighting
 26102 | Snake:2  | Reached skill level 20 in Axes
 26209 | Snake:2  | Found a frozen archway.
 26279 | Snake:2  | Reached XP level 16. HP: 149/149 MP: 15/15
 26332 | IceCv    | Entered an ice cave
 26722 | IceCv    | Received a gift from Trog
 27495 | Snake:2  | Reached skill level 10 in Armour
 27615 | Snake:3  | Found a sacrificial altar of Ru.
 28001 | Snake:3  | Noticed Agnes
 28011 | Snake:3  | Killed Agnes
 28496 | Snake:3  | Received a gift from Trog
 28507 | Snake:3  | Got a crude broad axe {god gift}
 28508 | Snake:3  | Identified the +6 broad axe "Killer Bee's Peril" {vorpal,
                  | rElec Str+2} (Trog gifted it to you on level 3 of the Snake
                  | Pit)
 28648 | Snake:4  | Entered Level 4 of the Snake Pit
 28843 | Snake:4  | Found Homnoph's Antique Weapon Emporium.
 28854 | Snake:4  | Noticed Mara
 28858 | Snake:4  | Noticed dohliylev's illusion
 28875 | Snake:4  | Killed Mara
 28957 | Snake:4  | Found Xili Nustar's Weapon Boutique.
 28957 | Snake:4  | Found Qalops's Armour Shop.
 28975 | Snake:4  | Bought the +0 plate armour "Vanwoof" {rF+ Regen+} for 592
                  | gold pieces
 29073 | Snake:4  | Reached XP level 17. HP: 129/161 MP: 16/16
 29412 | Snake:4  | Cast into level 1 of the Abyss (salamander)
 29429 | Abyss:1  | Found a corrupted altar of Lugonu.
 29433 | Snake:4  | Escaped the Abyss
 29724 | Snake:4  | Received a gift from Trog
 30365 | Snake:4  | HP: 3/163 [salamander/+0 glaive (6)]
 30365 | Snake:4  | Slain by a salamander

Illustrated notes

Levels and vault maps discovered:
D:1:      sevenhm_arrival_forest_fort_small_6, layout_basic
D:2:      layout_basic, nicolae_ru_path_of_blood, uniq_sigmund
D:3:      layout_loops_ring, uniq_jessica
D:4:      layout_cave_pools, lemuel_coloured_pillars_altar,
          minmay_misc_feat_rows, chequers_serial_rivers_large_a, minmay_between
D:5:      layout_rooms, grunt_ministairs_15, uniq_pikel
D:6:      layout_basic, overflow_temple_1_default,
          chequers_temple_overflow_statue_of_worship,
          minmay_temple_entry_large_hall, gammafunk_ghost_arena, serial_undead,
          serial_undead_e, serial_undead_b, serial_undead_b, serial_undead_a,
          serial_undead_c, serial_undead_e, uniq_eustachio
D:7:      layout_basic, lemuel_zombie_altar_yredelemnul, grunt_ogre_cave,
          nicolae_elemental_shop, hangedman_glass_teeth, uniq_duvessa
D:8:      layout_cave_pods, lemuel_round_altar, minmay_misc_feat_doors,
          grunt_decor_mini_mirrors
D:9:      layout_roguey, kennysheep_mini_moat, minmay_overflow_temple_star_quad,
          overflow_temple_1_default, gammafunk_ghost_spectres, uniq_erica
D:10:     layout_roguey, erik_lair_dragon, gammafunk_ghost_stat_death
D:11:     layout_grid_maze, special_room [special_room_kobold], enter_bailey_2,
          uniq_nergalle
D:12:     layout_layer_cave, minmay_orc_entry_temple_small, grunt_decor_cap,
          uniq_gastronok
Lair:1:   beast_lair_carwin_large_3, layout_gridlike, kennysheep_snail_temple,
          uniq_harold
Lair:2:   layout_cave_pods, shoals_dummy_entry,
          minmay_snake_entry_guardpost_small, minmay_lair_oklob_chamber
Lair:3:   layout_concentric_octagons, ebering_ghost_xom, st_stairs_8,
          grunt_megastairs_3
Lair:4:   layout_regular_city
Lair:5:   layout_gridlike, slime_dummy, basic_altar, lemuel_fruit_fields,
          infiniplex_staircase_pool_2, lemuel_fruit_fields, lemuel_fruit_fields
Lair:6:   cheibrodos_lair_end_hotspot, layout_loops_ring, uniq_kirke
Snake:1:  layout_cave_shapes, drop_trap, serial_bayou_pond_b,
          amcnicky_altar_lugonu_corruption
Snake:2:  layout_onion, portal_ice_cave_entry_frozen_things, drop_trap
Snake:3:  layout_cave_town, grunt_ministairs_2, abandoned_shop,
          lemuel_oklob_altar, uniq_agnes
Snake:4:  johnstein_snake_rune_scales, layout_cave_town, serial_shops,
          nicolae_shop_behind_doors, nicolae_snake_squiggles,
          grunt_ministairs_6, minmay_shoptagon, uniq_mara
Slime:1:  layout_caves
Orc:1:    nicolae_orc_accident_3, layout_diamond_mine
Orc:2:    pf_orc_diabolical, layout_diamond_mine

Skill      XL: |  1  2  3  4  5  6  7  8  9 10 11 12 13 14 15 16 17 |
---------------+----------------------------------------------------+-----
Axes           | 4 5 7 8 10 11 12 13 15 17 18 20 | 20.0
Fighting       | 4 5 6 7 9 10 11 13 14 15 17 | 17.6
Armour         | 3 5 6 7 8 9 11 12 | 12.0
Dodging        | 3 4 5 6 7 8 9 10 11 12 | 12.0
Shields        | 2 3 6 9 11 12 13 15 16 17 19 | 19.0

Action                   |  1- 3 |  4- 6 |  7- 9 | 10-12 | 13-15 | 16-18 || total
-------------------------+-------+-------+-------+-------+-------+-------++-------
Melee: Hand axe          |    51 |   114 |   285 |   419 |     6 |       ||   875
       Headbutt          |     7 |    30 |    60 |   145 |   177 |   122 ||   541
       War axe           |       |       |       |   198 |       |       ||   198
       Broad axe         |       |       |       |   113 |   946 |   569 ||  1628
Invok: Berserk           |     1 |     1 |     5 |    20 |    31 |    12 ||    70
       Trog's Hand       |       |       |       |     3 |     7 |     2 ||    12
       Brothers in Arms  |       |       |       |       |     3 |     2 ||     5
 Abil: Evoke Flight      |       |       |       |       |     3 |       ||     3
       Evoke Blink       |       |       |       |       |     2 |       ||     2
Evoke: Wand              |       |       |       |       |     1 |       ||     1
  Use: Scroll            |       |       |     5 |    10 |     7 |     7 ||    29
 Stab: Sleeping          |       |     1 |       |       |       |       ||     1
Armor: Animal skin       |    18 |    20 |    19 |     5 |       |       ||    62
       Ring mail         |       |       |       |   121 |   155 |       ||   276
       Chain mail        |       |       |       |       |    16 |   117 ||   133
Dodge: Dodged            |    36 |    76 |    79 |   143 |   294 |   123 ||   751
Block: Tower shield      |       |       |   183 |   514 |   790 |   528 ||  2015
